 Dungeon Crawl Stone Soup version 0.31-a0-841-g038b102fc3 (webtiles) character file.

Game seed: 15719611077520617784

47922 beavisfan the Covert (level 14, 0/79 HPs)
             Began as a Felid Chaos Knight on Sept 27, 2023.
             Was a Plaything of Xom.
             Engulfed by Nessos the fire crab's flame (8 damage)
             ... on level 5 of the Lair of Beasts.
             The game lasted 00:29:13 (15539 turns).

beavisfan the Covert (Felid Chaos Knight)          Turns: 15539, Time: 00:29:14

Health: 0/79       AC:  5    Str:  9    XL:     14   Next: 10%
Magic:  13/13      EV: 31    Int: 19    God:    Xom [..*...]
Gold:   1198       SH:  0    Dex: 17    Spells: 13/13 levels left
                                        Lives:  0   Deaths: 5

rFire   . .          .
                       - Unarmed
rCold   + + +        (shield unavailable)
rNeg    . . .        (body armour unavailable)
rPois   .            (helmet unavailable)
rElec   +            (cloak unavailable)
rCorr   .            (gloves unavailable)
SInv    +            (boots unavailable)
Will    ++...        q - amulet of regeneration
Stlth   +++          j - +5 ring of evasion
HPRegen 1.13/turn    d - ring of Ihoito {rElec rC++ Str+3 Dex+6 Stlth+}
MPRegen 0.13/turn

%: random rage (3%)
@: flux-form, glowing, quick
A: glow, contaminating, very small, claws 1, fangs 3, see invisible, speed 1,
shaggy fur 3, stealthy paws, no weapons or thrown items, no armour, multi-lived,
horns 1, iridescent scales 1, berserk 1, clumsy 2, low MP 1, mutation resistance
1, robust 2, weak 1, wild magic 2, inability to drink after injury 1, inability
to read after injury 1, MP-powered wands
a: Begin Untransformation, Renounce Religion


You were on level 5 of the Lair of Beasts.
You worshipped Xom.
You were a toy of Xom.
You were something dangerously unstable.
You visited 3 branches of the dungeon, and saw 18 of its levels.

You collected 1964 gold pieces.
You spent 766 gold pieces at shops.

Inventory:

Jewellery
 a - a ring of protection from fire
 d - the ring of Ihoito (right paw) {rElec rC++ Str+3 Dex+6 Stlth+}
   (You bought it in a shop on level 2 of the Dungeon)

   [ring of dexterity]

   Str+3:     It affects your strength (+3).
   Dex+6:     It affects your dexterity (+6).
   rC++:      It greatly protects you from cold.
   rElec:     It insulates you from electricity.
   Stlth+:    It makes you more stealthy.
 f - a ring of ice
 j - a +5 ring of evasion (left paw)
 p - the ring of the Mage {Wiz Archmagi}
   (You found it on level 4 of the Dungeon)

   [ring of wizardry]

   Wiz:       It improves your spell success rate.
   Archmagi:  It increases the power of your magical spells.
 q - an amulet of regeneration (around neck)
 u - a ring of ice
 B - a ring of flight
Talismans
 c - a flux talisman (active)
 y - a blade talisman
Wands
 b - a wand of polymorph (13) (quivered)
 C - a wand of flame (24)
Scrolls
 e - 5 scrolls of teleportation
 g - 3 scrolls of vulnerability {unknown}
 h - 4 scrolls of amnesia
 l - a scroll of torment
 m - 2 scrolls of noise
 n - 4 scrolls of fog
 o - a scroll of fear
 s - 2 scrolls of poison
 v - 2 scrolls of revelation
Potions
 k - a potion of mutation
 t - 2 potions of lignification
 w - a potion of brilliance
 x - a potion of enlightenment
 z - 3 potions of attraction
 D - a potion of haste


   Skills:
 + Level 10.4 Fighting
 + Level 13.1 Dodging
 + Level 13.6 Stealth
 * Level 13.2 Unarmed Combat
 * Level 13.3 Shapeshifting


You had 13 spell levels left.
You didn't know any spells.
Your spell library contained the following spells:

 Spells                   Type           Power      Damage    Failure   Level
 Apportation              Tloc           0%         N/A       36%         1
 Magic Dart               Conj           0%         1d3       36%         1
 Necrotise                Necr           0%         1d4       36%         1
 Summon Small Mammal      Summ           0%         N/A       36%         1
 Ensorcelled Hibernation  Hex/Ice        0%         N/A       47%         2
 Jinxbite                 Hex            0%         N/A       47%         2
 Passwall                 Tmut/Erth      0%         N/A       47%         2
 Searing Ray              Conj           0%         2d4       47%         2
 Gell's Gravitas          Tloc           0%         N/A       69%         3
 Swiftness                Air            0%         N/A       69%         3
 Teleport Other           Tloc           0%         N/A       69%         3
 Anguish                  Hex/Necr       0%         N/A       96%         4
 Fulminant Prism          Conj/Hex       0%         3d5       96%         4
 Alistair's Intoxication  Tmut/Pois      0%         N/A       100%        5
 Dispersal                Tloc           0%         N/A       100%        6


Dungeon Overview and Level Annotations

Branches:
Dungeon (12/15)            Temple (1/1) D:6            Lair (5/5) D:11
 Shoals (0/4) Lair:2        Snake (0/4) Lair:3          Orc (0/2) D:11
  Slime: Lair:4-5

Altars:
Ashenzari
Cheibriados
Dithmenos
Elyvilon
Fedhas
Gozag
Hepliaklqana
Kikubaaqudgha
Makhleb
Nemelex Xobeh
Okawaru
Qazlal
Ru
Sif Muna
Trog
Uskayaw
Vehumet
Wu Jian
Xom
Yredelemnul
Zin
The Shining One

Shops:
D:2 =   D:3 :**:(

Annotations:
Lair:2 2 transporters, Eugor's ghost, journeyman DECj
Lair:5 Nessos


Innate Abilities, Weirdness & Mutations

You are something dangerously unstable.
You glow with magical radiation, making you easy to see and hit.
Foes you strike become dangerously contaminated with magical radiation.
You have sharp claws.
You have razor-sharp teeth.
You have supernaturally acute eyesight. (SInv)
You cover ground quickly. (Speed+)
Your thick and shaggy fur keeps you warm. (AC +3, rC+)
Your paws help you pounce on unaware monsters.
You are incapable of wielding weapons or throwing items.
You cannot wear armour.
You gain extra lives every three experience levels.
You have a pair of small horns on your head.
You are partially covered in iridescent scales. (AC +2)
You sometimes lose your temper in combat.
You are very clumsy. (Dex -4)
Your magical capacity is low. (-10% MP)
You are somewhat resistant to further mutation.
You are very robust. (+20% HP)
You are weak. (Str -2)
Your spells are harder to cast, but more powerful.
You occasionally lose the ability to drink potions when taking damage.
You occasionally lose the ability to read scrolls when taking damage.
You expend magic power (3 MP) to strengthen your wands.


Message History

No reachable target in view!
You are engulfed in blazing flames.
Nessos completely misses you. Nessos claws you.
You are engulfed in flames!
* * * LOW HITPOINT WARNING * * *
You scratch Nessos.
Nessos begins to glow.
Nessos is lightly wounded.
Unknown command.
You claw Nessos!
Nessos glows dangerously bright.
Nessos is lightly wounded.
Nessos breathes flames at you. The blast of flame misses you.
Unknown command.
You scratch Nessos but do no damage.
Nessos shudders as magic cascades through it.
Nessos twists and deforms.
Nessos is moderately wounded.
You are engulfed in blazing flames.
* * * LOW HITPOINT WARNING * * *
Nessos completely misses you. Nessos barely misses you.
You claw Nessos!
Nessos begins to glow.
You headbutt Nessos.
Nessos is heavily wounded.
You are engulfed in blazing flames.
* * * LOW HITPOINT WARNING * * *
Unknown command.
You feel better. Nessos barely misses you. Nessos misses you.
You claw Nessos!
Nessos glows dangerously bright.
You headbutt Nessos. You bite Nessos.
Nessos is severely wounded.
Nessos breathes flames at you. The blast of flame engulfs you.
* * * LOW HITPOINT WARNING * * *
Unknown command.
Okay, then.
Okay, then.
Okay, then.
As you read the scroll of fear, it crumbles to dust.
You assume a fearsome visage.
Nessos looks frightened!
You are engulfed in blazing flames.
You die... "It's all fun and games until someone loses an eye."
P

#....#.....# #....# #...####...#
#...## #... ##..##.....####...##
..P #....##......#.....# ##..#
#....# #..#.......## #...####...#
#..........# ##### #...#
#...###..........###.#.#
####...###....†○○○†...#...#....#.
#.#....#.......○p○####...........
#......#......t○○.# #...........
##....###.........# ##......#..#
##...##.........## #...########
##..###..........####..##.##
#....#..........###.....##.#### t
##...##.P.......#.........#.#..
##....................b.b......
#P..................§.bb.......


You could see Nessos the fire crab (fleeing, heavy contam, misshapen).

Vanquished Creatures
  6 hydras
  Fannar (Lair:3)
  A two-headed ogre (D:10)
  A boulder beetle (D:11)
  A centaur warrior (D:11)
  4 death yaks
  2 skysharks (Lair:2)
  Pikel (D:7)
  A mana viper (Lair:1)
  2 wolf spiders (Lair:4)
  A shining eye (shapeshifter) (D:11)
  A manticore (D:11)
  A cyclops (D:11)
  2 ugly things
  17 elephants
  5 black mambas
  A gargoyle (D:10)
  A torpor snail (Lair:3)
  11 cane toads
  2 unseen horrors (D:11)
  Maggie (D:7)
  3 rime drakes
  10 komodo dragons
  2 kobold demonologists (D:12)
  A freezing wraith (D:11)
  3 trolls
  A polar bear (Lair:2)
  A meliai (Lair:4)
  A hornet (D:8)
  5 dream sheep (Lair:5)
  4 blink frogs
  A water elemental (D:12)
  3 shadows
  3 wyverns
  4 wraiths
  23 yaks
  5 basilisks
  3 vampire mosquitoes
  A steam dragon (D:6)
  2 acid dragons
  16 water moccasins
  4 orc warriors
  An ice beast (D:8)
  A sky beast (D:8)
  2 black bears
  2 ogres
  19 wolves
  14 centaurs
  2 phantoms
  2 kobold brigands
  15 bullfrogs
  3 gnoll sergeants
  A scorpion (D:7)
  3 killer bees (D:10)
  A howler monkey (D:8)
  3 hounds
  6 orc priests
  2 jellies
  Crazy Yiuf (D:7)
  4 sleepcaps
  Jessica (D:2)
  13 orc wizards
  3 iguanas
  15 gnolls
  6 adders
  2 white imps
  An ufetubus (D:5)
  2 worms
  3 dart slugs
  46 orcs
  12 ball pythons
  5 endoplasms
  7 goblins
  11 hobgoblins
  7 jackals
  5 quokkas
  7 bats
  2 frilled lizards
  20 kobolds
  5 rats
414 creatures vanquished.

Vanquished Creatures (collateral kills)
  2 elephants (Lair:3)
  A black mamba (Lair:5)
  4 yaks (Lair:3)
  An acid dragon (D:11)
  A water moccasin (Lair:3)
  An ogre (D:6)
  A boggart (D:11)
  2 gnolls (D:6)
  4 orcs
  A butterfly (Lair:1)
18 creatures vanquished.

Vanquished Creatures (others)
  A fire crab (D:11)
  An elephant (Lair:3)
  A yak (Lair:3)
  A basilisk (Lair:3)
4 creatures vanquished.

Grand Total: 436 creatures vanquished

Notes
Turn   | Place    | Note
-------+----------+-------------------------------------------
     0 | D:1      | beavisfan the Felid Chaos Knight began the quest for the
                  | Orb.
     0 | D:1      | Reached XP level 1. HP: 10/10 MP: 2/2
    91 | D:1      | Reached XP level 2. HP: 13/14 MP: 3/3
   107 | D:1      | Reached skill level 1 in Stealth
   319 | D:1      | XOM: silly message
   383 | D:1      | Reached XP level 3. HP: 17/17 MP: 4/4
   386 | D:1      | Found a faded altar of an unknown god.
  1126 | D:2      | Reached skill level 1 in Shapeshifting
  1137 | D:2      | Found a stormy altar of Qazlal.
  1140 | D:2      | Noticed Jessica
  1142 | D:2      | Killed Jessica
  1157 | D:2      | Reached XP level 4. HP: 9/21 MP: 5/5
  1560 | D:2      | Found Fecricoss's Jewellery Boutique.
  1650 | D:3      | Found Biul's Assorted Antiques.
  1695 | D:3      | Found Ofopea's Vocational Training.
  1698 | D:3      | XOM: divination: detect items
  1708 | D:3      | XOM: enchant monster (good)
  1855 | D:3      | XOM: summons friendly quasit
  1885 | D:3      | XOM: give mutations
  1885 | D:3      | Gained mutation: Your body sometimes deteriorates upon
                  | taking damage. [Xom's mischief]
  1885 | D:3      | Gained mutation: You are clumsy. (Dex -2) [Xom's mischief]
  1885 | D:3      | Gained mutation: Your flesh is cold resistant. (rC+) [Xom's
                  | mischief]
  1885 | D:3      | Gained mutation: You are weak. (Str -2) [Xom's mischief]
  1893 | D:3      | Reached XP level 5. HP: 19/24 MP: 6/6
  1949 | D:3      | XOM is BORED!
  1998 | D:3      | Found Ykhuninlec's Assorted Antiques.
  2023 | D:3      | Found Ammag's Weapon Shop.
  2049 | D:3      | Found a burning altar of Makhleb.
  2135 | D:3      | Found Juall's Book Boutique.
  2574 | D:4      | XOM: scenery: create altars
  2714 | D:4      | XOM: butterfly on damage
  2723 | D:4      | XOM: polymorph jelly -> worm
  3056 | D:4      | Reached skill level 5 in Shapeshifting
  3056 | D:4      | Gained mutation: You are covered in thick fur. (AC +2)
                  | [Felid growth]
  3056 | D:4      | Reached XP level 6. HP: 24/28 MP: 7/7
  3142 | D:4      | XOM: summons friendly quasit
  3340 | D:4      | XOM: summons 4 hostile shadow creatures
  3355 | D:4      | Found the ring of the Mage {Wiz Archmagi}
  3452 | D:5      | Entered Level 5 of the Dungeon
  3466 | D:5      | XOM: 2-stop teleportation journey
  3491 | D:5      | XOM: fake destruction
  3492 | D:5      | Killed from afar by an orc priest
  3545 | D:5      | XOM: divination: detect creatures
  3620 | D:5      | XOM: potion effect (brilliance)
  3661 | D:5      | XOM: potion effect (brilliance)
  3667 | D:4      | XOM: potion effect (invisibility)
  3708 | D:4      | XOM: give mutations
  3708 | D:4      | Gained mutation: You are frail. (-10% HP) [Xom's mischief]
  3708 | D:4      | Gained mutation: You are very clumsy. (Dex -4) [Xom's
                  | mischief]
  3708 | D:4      | Gained mutation: You sometimes lose your temper in combat.
                  | [Xom's mischief]
  3743 | D:5      | Slain by a gnoll sergeant
  3838 | D:5      | XOM: 2-stop teleportation journey
  3851 | D:5      | Lost mutation: You are frail. (-10% HP) [potion of
                  | mutation]
  3851 | D:5      | Lost mutation: You sometimes lose your temper in combat.
                  | [potion of mutation]
  3851 | D:5      | Gained mutation: You are very weak. (Str -4) [potion of
                  | mutation]
  3851 | D:5      | Gained mutation: Your spells are a little easier to cast,
                  | but a little less powerful. [potion of mutation]
  3851 | D:5      | Gained mutation: You are partially covered in iridescent
                  | scales. (AC +2) [potion of mutation]
  3870 | D:5      | Lost mutation: Your flesh is cold resistant. (rC+) [potion
                  | of mutation]
  3870 | D:5      | Lost mutation: You are very weak. (Str -4) [potion of
                  | mutation]
  3870 | D:5      | Lost mutation: Your spells are a little easier to cast, but
                  | a little less powerful. [potion of mutation]
  3870 | D:5      | Gained mutation: You sometimes lose your temper in combat.
                  | [potion of mutation]
  3870 | D:5      | Lost mutation: You are weak. (Str -2) [potion of mutation]
  3870 | D:5      | Gained mutation: You expend magic power (3 MP) to
                  | strengthen your wands. [potion of mutation]
  3960 | D:5      | XOM: cast spell 'Summon Small Mammal'
  4079 | D:5      | Reached XP level 7. HP: 28/31 MP: 8/8
  4106 | D:5      | Killed from afar by an acid dragon
  4116 | D:5      | XOM: potion effect (haste)
  4410 | D:6      | XOM: confuse monster(s)
  4532 | D:6      | Found a staircase to the Ecumenical Temple.
  4699 | D:6      | Reached XP level 8. HP: 31/36 MP: 9/9
  4722 | Temple   | Entered the Ecumenical Temple
  4810 | D:6      | XOM: confuse monster(s)
  4818 | D:6      | Reached skill level 5 in Unarmed Combat
  4871 | D:6      | Reached skill level 5 in Dodging
  4952 | D:6      | XOM: summons 5 friendly demons
  5060 | D:7      | Found a runed translucent door.
  5061 | D:7      | Noticed Crazy Yiuf
  5089 | D:7      | Noticed Pikel
  5094 | D:7      | XOM: cast spell 'Summon Small Mammal'
  5104 | D:7      | XOM: fog
  5109 | D:7      | Killed Pikel
  5110 | D:7      | Reached skill level 5 in Fighting
  5110 | D:7      | Reached skill level 5 in Stealth
  5122 | D:7      | Reached XP level 9. HP: 34/40 MP: 10/10
  5469 | D:7      | Noticed Maggie
  5564 | D:7      | Killed Maggie
  5583 | D:7      | XOM: 2-stop teleportation journey
  5590 | D:7      | XOM: silly message
  6245 | D:7      | XOM: enchant monster (good)
  6248 | D:7      | Killed Crazy Yiuf
  6261 | D:7      | Identified a scroll of acquirement
  6262 | D:7      | Acquired 947 gold pieces
  6287 | D:6      | XOM: noise
  6306 | D:5      | XOM: scenery: summon butterflies
  6316 | D:5      | XOM: confuse monster(s)
  6378 | D:2      | Bought the ring of Ihoito {rElec rC++ Str+3 Dex+6 Stlth+}
                  | for 766 gold pieces
  6423 | D:5      | XOM: butterfly on damage
  6427 | D:5      | XOM: summons friendly shadow imp
  6677 | D:7      | XOM: summons 4 hostile demons
  6768 | D:8      | XOM: enchant monster (bad)
  6770 | D:8      | XOM: cast spell 'Disjunction'
  6806 | D:8      | Found a stormy altar of Qazlal.
  6806 | D:8      | Found a blossoming altar of Fedhas.
  6835 | D:8      | XOM: enchant monster (good)
  7039 | D:8      | XOM: give mutations
  7039 | D:8      | Gained mutation: You are strong-willed. (Will+) [Xom's
                  | mischief]
  7039 | D:8      | Lost mutation: You expend magic power (3 MP) to strengthen
                  | your wands. [Xom's mischief]
  7039 | D:8      | Gained mutation: You have an uncontrollable temper. [Xom's
                  | mischief]
  7129 | D:8      | Paralysed by a hornet for 3 turns
  7139 | D:8      | Reached XP level 10. HP: 21/46 MP: 11/11
  7181 | D:8      | XOM: give mutations
  7181 | D:8      | Gained mutation: You are robust. (+10% HP) [Xom's grace]
  7181 | D:8      | Lost mutation: You have an uncontrollable temper. [Xom's
                  | grace]
  7181 | D:8      | Gained mutation: You have a pair of small horns on your
                  | head. [Xom's grace]
  7181 | D:8      | Gained mutation: Your flesh is heat resistant. (rF+) [Xom's
                  | grace]
  7445 | D:9      | Noticed a white ugly thing
  7458 | D:9      | Killed a green ugly thing
  7463 | D:9      | XOM: potion effect (curing)
  7481 | D:9      | XOM: confusion
  7481 | D:9      | XOM: smoke on damage
  7583 | D:9      | Found a shimmering blue altar of Sif Muna.
  7653 | D:9      | XOM: fake destruction
  8010 | D:10     | Entered Level 10 of the Dungeon
  8067 | D:10     | Noticed a two-headed ogre
  8070 | D:10     | XOM: chaos upgrade
  8076 | D:10     | Killed a two-headed ogre
  8230 | D:10     | Noticed a gargoyle
  8233 | D:10     | XOM: divine lightning
  8233 | D:10     | XOM: butterfly on damage
  8237 | D:10     | Killed a gargoyle
  8440 | D:10     | XOM: give mutations
  8440 | D:10     | Gained mutation: You occasionally lose the ability to read
                  | scrolls when taking damage. [Xom's mischief]
  8440 | D:10     | Gained mutation: You have a pair of horns on your head.
                  | [Xom's mischief]
  8440 | D:10     | Lost mutation: You are partially covered in iridescent
                  | scales. (AC +2) [Xom's mischief]
  8440 | D:10     | Lost mutation: Your body sometimes deteriorates upon taking
                  | damage. [Xom's mischief]
  8803 | D:10     | XOM: god gift: scroll labelled COOLOT ESI {god gift}
  8875 | D:11     | XOM: noise
  8876 | D:11     | XOM: summons 4 hostile shadow creatures
  8877 | D:11     | Noticed a red ugly thing
  8877 | D:11     | Noticed a two-headed ogre
  8883 | D:12     | Noticed a red ugly thing
  8920 | D:12     | XOM: chaos cloud
  8942 | D:12     | Noticed a sun demon
  8952 | D:12     | Slain by a sun demon
  8971 | D:12     | XOM: butterfly on damage
  8972 | D:12     | XOM: noise
  9003 | D:12     | Noticed a deep elf pyromancer
  9018 | D:11     | Reached XP level 11. HP: 46/55 MP: 12/12
  9046 | D:11     | XOM: blink monster(s)
  9081 | D:11     | XOM: noise
  9157 | D:11     | XOM: 3-stop teleportation journey
  9185 | D:11     | XOM: smoke on damage
  9187 | D:11     | XOM: confusion (+ monsters)
  9316 | D:11     | XOM: repel stairs
  9355 | D:11     | Found a staircase to the Lair.
  9434 | D:11     | XOM: summons 1 hostile shadow creature
  9440 | D:11     | XOM: cast spell 'Summon Cactus Giant'
  9472 | D:10     | Reached skill level 10 in Stealth
  9485 | D:10     | XOM: draining
  9588 | D:11     | XOM: noise
  9590 | D:11     | XOM: smoke on damage
  9652 | D:11     | XOM: potion effect (brilliance)
  9665 | D:11     | XOM: divination: detect creatures
  9746 | D:11     | Reached skill level 10 in Dodging
  9772 | D:11     | a floating eye changed into a shock serpent
  9772 | D:11     | Noticed a shock serpent (glowing shapeshifter)
  9784 | D:11     | a shock serpent changed into a shining eye
  9784 | D:11     | Noticed a shining eye (glowing shapeshifter)
  9788 | D:11     | Gained mutation: You are dopey. (Int -2) [a shining eye]
  9794 | D:11     | Killed a shining eye
  9837 | D:11     | Noticed a boulder beetle
  9847 | D:11     | Killed a boulder beetle
  9848 | D:11     | Reached skill level 10 in Unarmed Combat
  9848 | D:11     | Reached skill level 10 in Shapeshifting
  9858 | D:11     | XOM: cast spell 'Leda's Liquefaction'
  9906 | D:11     | XOM: give mutations
  9906 | D:11     | Gained mutation: Your muscles are strong. (Str +4, Int/Dex
                  | -1) [Xom's grace]
  9906 | D:11     | Gained mutation: Your spells are a little harder to cast,
                  | but a little more powerful. [Xom's grace]
  9906 | D:11     | Gained mutation: You expend magic power (3 MP) to
                  | strengthen your wands. [Xom's grace]
  9906 | D:11     | Gained mutation: You are somewhat resistant to further
                  | mutation. [Xom's grace]
  9908 | D:11     | Noticed a fire crab
  9909 | D:11     | Noticed a purple ugly thing
  9940 | D:11     | Killed a purple ugly thing
  9972 | D:11     | Noticed a centaur warrior
  9983 | D:11     | Killed a centaur warrior
 10047 | D:11     | Killed a fire crab
 10047 | D:11     | XOM: divine lightning
 10150 | D:11     | Found a staircase to the Orcish Mines.
 10305 | Lair:1   | Entered Level 1 of the Lair of Beasts
 10432 | Lair:1   | XOM: summons 11 friendly demons
 10433 | Lair:1   | XOM: summons friendly ufetubus
 10437 | Lair:1   | Gained mutation: Your thick and shaggy fur keeps you warm.
                  | (AC +3, rC+) [Felid growth]
 10437 | Lair:1   | Reached XP level 12. HP: 49/61 MP: 13/13
 10472 | Lair:1   | XOM: fog
 10473 | Lair:1   | Noticed a death yak
 10476 | Lair:1   | XOM: 5-stop teleportation journey
 10480 | Lair:1   | XOM: confusion
 10500 | Lair:1   | XOM: polymorph ufetubus -> lemure
 10540 | Lair:1   | XOM: fake destruction
 10562 | Lair:1   | XOM: potion effect (invisibility)
 10564 | Lair:1   | XOM: smoke on damage
 10568 | Lair:1   | XOM: confuse monster(s)
 10713 | Lair:1   | XOM: polymorph torpor snail -> mana viper
 10721 | Lair:1   | Killed a death yak
 10726 | Lair:1   | XOM: cast spell 'Disjunction'
 10731 | Lair:1   | XOM: summons 6 friendly demons
 11160 | Lair:2   | XOM: butterfly on damage
 11240 | Lair:2   | XOM: summons friendly shadow imp
 11255 | Lair:2   | XOM: enchant monster (bad)
 11311 | Lair:2   | Found a transporter.
 11325 | Lair:2   | XOM: silly message
 11351 | Lair:2   | XOM: torment (32/61 hp)
 11475 | Lair:2   | XOM: give mutations
 11475 | Lair:2   | Lost mutation: You have a pair of horns on your head.
                  | [Xom's mischief]
 11475 | Lair:2   | Lost mutation: You are strong-willed. (Will+) [Xom's
                  | mischief]
 11475 | Lair:2   | Gained mutation: You occasionally lose the ability to drink
                  | potions when taking damage. [Xom's mischief]
 11475 | Lair:2   | Lost mutation: Your flesh is heat resistant. (rF+) [Xom's
                  | mischief]
 11559 | Lair:2   | Found a staircase to the Shoals.
 11655 | Lair:2   | Found a transporter.
 11917 | Lair:2   | Noticed Eugor's ghost (journeyman DECj)
 12080 | Lair:2   | XOM: noise
 12210 | Lair:3   | Noticed Fannar
 12216 | Lair:3   | Noticed a six-headed hydra
 12216 | Lair:3   | XOM: polymorph ice beast -> ogre
 12224 | Lair:3   | Killed Fannar
 12230 | Lair:3   | XOM: noise
 12232 | Lair:3   | Killed a six-headed hydra
 12298 | Lair:3   | XOM: summons friendly white imp
 12300 | Lair:3   | XOM: divine lightning
 12303 | Lair:3   | XOM: summons 12 friendly demons
 12307 | Lair:3   | XOM: summons friendly quasit
 12320 | Lair:3   | XOM: cleaving
 12321 | Lair:3   | XOM: enchant monster (good)
 12322 | Lair:3   | XOM: cast spell 'Discord'
 12442 | Lair:3   | XOM: confuse monster(s)
 12445 | Lair:3   | XOM: confuse monster(s)
 12446 | Lair:3   | Found a staircase to the Snake Pit.
 12446 | Lair:3   | XOM: 7-stop teleportation journey
 12469 | Lair:3   | Reached XP level 13. HP: 61/66 MP: 14/14
 12628 | Lair:3   | XOM: enchant monster (good)
 12682 | Lair:3   | XOM: destruction
 12688 | Lair:3   | XOM: cast spell 'Summon Small Mammal'
 12799 | Lair:3   | XOM: summons 4 friendly demons
 13040 | Lair:3   | XOM: butterfly on damage
 13043 | Lair:3   | XOM: cast spell 'Summon Ice Beast'
 13227 | Lair:3   | XOM: destruction
 13229 | Lair:3   | XOM: cast spell 'Discord'
 13271 | Lair:4   | XOM: potion effect (haste)
 13352 | Lair:4   | XOM: confusion
 13359 | Lair:4   | XOM: 1-stop teleportation journey
 13524 | Lair:4   | XOM: noise
 13530 | Lair:4   | XOM: swap monsters
 13572 | Lair:4   | XOM: noise
 13577 | Lair:4   | XOM: give mutations
 13577 | Lair:4   | Lost mutation: Your muscles are strong. (Str +4, Int/Dex
                  | -1) [Xom's mischief]
 13577 | Lair:4   | Gained mutation: Your magical capacity is low. (-10% MP)
                  | [Xom's mischief]
 13577 | Lair:4   | Lost mutation: You are dopey. (Int -2) [Xom's mischief]
 13577 | Lair:4   | Gained mutation: Your spells are harder to cast, but more
                  | powerful. [Xom's mischief]
 13581 | Lair:4   | XOM: draining
 13598 | Lair:4   | XOM: god gift: 35 gold pieces
 13669 | Lair:4   | HP: 4/94 [poisoned by a cane toad]
 13673 | Lair:4   | HP: 1/63 [poisoned by a cane toad]
 13869 | Lair:4   | Reached skill level 10 in Fighting
 13889 | Lair:4   | XOM: 8-stop teleportation journey
 14240 | Lair:4   | XOM: cloud trail
 14414 | Lair:4   | XOM: give mutation
 14414 | Lair:4   | Gained mutation: You are weak. (Str -2) [Xom's mischief]
 14425 | Lair:4   | XOM: give mutations
 14425 | Lair:4   | Gained mutation: You are very robust. (+20% HP) [Xom's
                  | grace]
 14425 | Lair:4   | Gained mutation: You are partially covered in iridescent
                  | scales. (AC +2) [Xom's grace]
 14533 | Lair:5   | Entered Level 5 of the Lair of Beasts
 14536 | Lair:5   | Noticed Nessos
 14537 | Lair:5   | Nessos changed into Nessos the fire crab
 14537 | Lair:5   | Noticed Nessos
 14537 | Lair:5   | XOM: polymorph Nessos -> Nessos the fire crab
 14542 | Lair:5   | XOM: potion effect (brilliance)
 14612 | Lair:5   | XOM: scenery: create altars
 14614 | Lair:5   | XOM: blink monster(s)
 14615 | Lair:5   | XOM: cast spell 'Death Channel'
 14656 | Lair:4   | XOM: scenery: summon butterflies
 14666 | Lair:5   | XOM: potion effect (might)
 14716 | Lair:5   | XOM: polymorph komodo dragon -> meliai
 14729 | Lair:5   | XOM: scenery: create altars
 14733 | Lair:5   | XOM: cast spell 'Metabolic Englaciation'
 14851 | Lair:5   | Mangled by a seven-headed hydra
 14900 | Lair:5   | XOM: fog
 15085 | Lair:5   | XOM: confuse monster(s)
 15096 | Lair:5   | XOM: fog
 15122 | Lair:5   | XOM: scenery: create altars
 15200 | Lair:5   | XOM: scenery: summon butterflies
 15231 | Lair:5   | XOM: enchant monster (bad)
 15298 | Lair:5   | XOM: noise
 15307 | Lair:5   | Reached XP level 14. HP: 71/79 MP: 13/13
 15379 | Lair:5   | XOM: divination: detect creatures
 15383 | Lair:5   | XOM: fake destruction
 15421 | Lair:5   | XOM: polymorph yak -> shapeshifter
 15474 | Lair:5   | XOM: scenery: summon butterflies
 15536 | Lair:5   | HP: 3/79 [Nessos the fire crab] (9)]
 15539 | Lair:5   | Engulfed by Nessos the fire crab's flame

Illustrated notes

Levels and vault maps discovered:
D:1:      erik_arrival_cave_to_civilisation [erik_arrival_cave_to_hall],
          layout_basic, dreamdust_ecumenical_altar_grove,
          hangedman_decor_growths
D:2:      layout_basic, basic_altar, serial_shops, shop, minmay_tromino_v4_c,
          uniq_jessica
D:3:      layout_basic, mainiacjoe_overflow_six_doors_small, serial_shops, shop,
          shop, shop, nicolae_book_shop_shelving, hex_large,
          nicolae_shop_vocational
D:4:      layout_cave_pods
D:5:      layout_basic
D:6:      layout_loops_ring, minmay_temple_entry_junction_2
D:7:      layout_basic, uniq_crazy_yiuf_cottage, uniq_maggie, uniq_pikel
D:8:      layout_cave_pods, grunt_temple_overflow_forces_of_nature
D:9:      layout_rooms, mainiacjoe_overflow_chevrons
D:10:     layout_basic
D:11:     nicolae_hexawheel, layout_cave_pools, lair_entry_dummy, david_orc_2
D:12:     layout_basic, serial_glass, glass_columns_b, glass_columns_b,
          uniq_maurice, uniq_jorgrun
Temple:   regret_index_temple_chain_breaker
Lair:1:   layout_hall_layers, infiniplex_staircase_pool, lemuel_fruit_fields
Lair:2:   layout_misc_corridors, minmay_shoals_entry_centaurs,
          gammafunk_ghost_abyssal_escape, serial_bayou_shore_b
Lair:3:   layout_chaotic_city, minmay_snake_entry_six_corridors,
          lemuel_fruit_tree, uniq_fannar
Lair:4:   layout_cellular_growth, chequers_serial_rivers_room_a,
          nicolae_lair_run_with_the_wolves
Lair:5:   due_jungle_book, layout_small_grid, nicolae_slime_entry_field_trip,
          uniq_nessos

Skill      XL: |  1  2  3  4  5  6  7  8  9 10 11 12 13 |
---------------+----------------------------------------+-----
Stealth        | 1 3 5 8 9 10 12 13 | 13.6
Shapeshifting  | 2 3 5 6 7 9 10 11 13 | 13.3
Dodging        | 4 6 8 9 10 11 13 | 13.1
Unarmed Combat | 4 6 8 9 10 11 13 | 13.2
Fighting       | 5 6 7 8 9 10 | 10.4

Action                     |  1- 3 |  4- 6 |  7- 9 | 10-12 | 13-15 || total
---------------------------+-------+-------+-------+-------+-------++-------
  Melee: Unarmed           |    90 |   289 |   341 |   613 |   404 ||  1737
         Bite              |    13 |    28 |    57 |    99 |    78 ||   275
         Punch             |     2 |     3 |       |     3 |       ||     8
         Headbutt          |       |       |       |   168 |   132 ||   300
  Evoke: Wand              |       |       |       |     2 |       ||     2
    Use: Potion            |       |     8 |     3 |     4 |     5 ||    20
         Scroll            |       |     1 |     7 |    14 |     3 ||    25
   Stab: Sleeping          |     3 |     4 |       |     5 |     2 ||    14
         Distracted        |       |       |     1 |     3 |     2 ||     6
         Confused          |       |       |     2 |     2 |     2 ||     6
         Petrifying        |       |       |     2 |       |       ||     2
 Armour: Skin              |    24 |    90 |    78 |   213 |   158 ||   563
  Dodge: Dodged            |    68 |   339 |   301 |   783 |   510 ||  2001
   Form: Flux              |       |     2 |       |     1 |       ||     3
                           |       |     1 |       |       |       ||     1
         Blade             |       |       |       |     1 |       ||     1

Table legend: (Time is in decaauts)
 A = Elapsed time spent in this place.
 B = Non-inter-level travel time spent in this place.
 C = Inter-level travel time spent in this place.
 D = Time resting spent in this place.
 E = Time spent auto-exploring this place.
 F = Levels seen in this place.
 G = Mean time per level.
                   A        B        C        D        E       F      G
               +--------+--------+--------+--------+--------+-----+--------+
         Total |  13471 |  12622 |    849 |    593 |   8390 |  18 |  748.4 |
       Dungeon |   8830 |   8262 |    568 |    250 |   5737 |  12 |  735.8 |
        Temple |     17 |     17 |      0 |      0 |     16 |   1 |   17.0 |
          Lair |   4623 |   4342 |    281 |    343 |   2637 |   5 |  924.6 |
               +--------+--------+--------+--------+--------+-----+--------+

Top non-repeatable levels by time:
  Lair:4: 1276 daAuts
     D:7: 1150 daAuts
     D:4: 1069 daAuts
  Lair:2: 1051 daAuts
    D:11: 1038 daAuts
  Lair:3: 917 daAuts
     D:1: 896 daAuts
     D:6: 855 daAuts
    D:10: 805 daAuts
  Lair:5: 722 daAuts
     D:3: 676 daAuts
  Lair:1: 655 daAuts
     D:8: 629 daAuts
     D:5: 592 daAuts
     D:2: 513 daAuts
